 Dungeon Crawl Stone Soup version 0.28-a0-984-g3775c662fe (webtiles) character file.

Game seed: 5606770563453169421

2148 Hipnos the Arsonist (level 9, -2/40 HPs)
             Began as a Deep Elf Fire Elementalist on Dec 3, 2021.
             Slain by a centaur warrior zombie (4 damage)
             ... on level 6 of the Dungeon.
             The game lasted 00:10:53 (6429 turns).

Hipnos the Arsonist (Deep Elf Fire Elementalist)    Turns: 6429, Time: 00:10:54

Health: -2/40      AC:  2    Str:  5    XL:     9   Next: 9%
Magic:  4/23       EV: 13    Int: 25    God:
Gold:   237        SH:  0    Dex: 15    Spells: 11/24 levels left

rFire   + . .      SeeInvis .   j - staff of cold
rCold   + + .      Faith    .   (no shield)
rNeg    . . .      Spirit   .   a - +0 robe
rPois   +          Reflect  .   (helmet restricted)
rElec   +          Harm     .   (no cloak)
rCorr   +          Rampage  .   (no gloves)
Will    ++...                   (no boots)
Stlth   ++........              (no amulet)
HPRegen 0.13/turn               m - ring of willpower
MPRegen 0.18/turn               t - ring of willpower

@: mighty, resistant
A: horns 1, frail 1, wild magic 1
a: no special abilities


You were on level 6 of the Dungeon.
You visited 1 branch of the dungeon, and saw 6 of its levels.

You collected 237 gold pieces.

Inventory:

Hand Weapons
 i - a +4 dagger of venom
Armour
 a - a +0 robe (worn)
 s - the +4 chain mail of Thoughtfulness {rC+ Dex+5}
   (You found it on level 5 of the Dungeon)

   Dex:       It affects your dexterity (+5).
   rC:        It protects you from cold.
Magical Staves
 j - a staff of cold (weapon)
Jewellery
 m - a ring of willpower (left hand)
 o - a ring of resist corrosion
 t - a ring of willpower (right hand)
Wands
 l - a wand of iceblast (11)
 v - a wand of polymorph (9)
Scrolls
 b - a scroll of summoning
 f - a scroll of teleportation
 g - 2 scrolls of silence
 k - a scroll of enchant armour
 n - a scroll of fog
 p - 2 scrolls of magic mapping
 u - a scroll of identify
Potions
 c - 2 potions of degeneration
 d - a potion of curing {unknown}
 h - a potion of haste {unknown}
 r - a potion of cancellation


   Skills:
 + Level 0.2 Fighting
 + Level 2.9 Dodging
 - Level 2.6 Stealth
 + Level 8.4 Spellcasting
 + Level 5.0 Conjurations
 * Level 9.2 Fire Magic
 * Level 5.1 Ice Magic


You had 11 spell levels left.
You knew the following spells:

 Your Spells              Type           Power      Damage    Failure   Level
a - Foxfire               Conj/Fire      100%       2x1d9     1%          1
b - Scorch                Fire           100%       2d10      1%          2
c - Conjure Flame         Conj/Fire      56%        6-21      1%          3
d - Inner Flame           Hex/Fire       43%        N/A       4%          3
e - Flame Wave            Conj/Fire      56%        2d9       5%          4

Your spell library contained the following spells:

 Spells                   Type           Power      Damage    Failure   Level
 Sublimation of Blood     Necr           13%        N/A       13%         2
 Petrify                  Tmut/Erth      13%        N/A       58%         4
 Irradiate                Conj/Tmut      14%        3d18      58%         5


Dungeon Overview and Level Annotations

Branches:
Dungeon (6/15)             Temple (0/1) D:6

Altars:
Cheibriados
Dithmenos
Elyvilon
Gozag
Qazlal
Ru
Xom
Yredelemnul

Shops:
D:2 =[*   D:4 !


Innate Abilities, Weirdness & Mutations

You have a pair of small horns on your head.
You are frail. (-10% HP)
Your spells are a little harder to cast, but a little more powerful.


Message History

Casting: Scorch (safe; 1% risk of failure)
Confirm with . or Enter, or press ? or * to list all spells.
Flames lash the orc.
You kill the orc!
You hear a shout!
The centaur warrior zombie hits you. The centaur warrior zombie kicks you.
Unknown command.
Casting: Scorch (safe; 1% risk of failure)
Confirm with . or Enter, or press ? or * to list all spells.
Flames lash the centaur warrior zombie.
The centaur warrior zombie is burned terribly!
The centaur warrior zombie is severely damaged.
The centaur warrior zombie hits you.
The centaur warrior zombie barely misses you.
The centaur warrior zombie hits you.
* * * LOW HITPOINT WARNING * * *
The centaur warrior zombie kicks you.
* * * LOW HITPOINT WARNING * * *
Casting: Scorch (safe; 1% risk of failure)
Confirm with . or Enter, or press ? or * to list all spells.
Flames lash the centaur warrior zombie.
The centaur warrior zombie is burned terribly!
The centaur warrior zombie is severely damaged.
The centaur warrior zombie is no longer more vulnerable to fire.
The centaur warrior zombie hits you.
* * * LOW HITPOINT WARNING * * *
The centaur warrior zombie kicks you but does no damage.
Okay, then.
Okay, then.
It was a potion of cancellation.
You feel magically purged. The centaur warrior zombie hits you.
* * * LOW HITPOINT WARNING * * *
The centaur warrior zombie misses you.
It was a potion of resistance.
You feel protected.
The centaur warrior zombie completely misses you.
The centaur warrior zombie closely misses you.
You feel very mighty all of a sudden. The centaur warrior zombie hits you.
You die...

#.. ..# #..### ####
#o# #.# #.... #...
#.# #.# #.... ##.#
#o# #.# ##.# #..
#.####.### #.########
#.##.....###.........
#.#.8...8.#..########
#)#.......##.#
#..Z@._......# ######
###.......#..###.....
#.8...8.#......####
##.....##.######
###.###..# #.....##
#######


You could see a centaur warrior zombie.

Vanquished Creatures
  Grinder (D:4)
  Sigmund (D:4)
  3 yaks (D:5)
  Edmund (D:4)
  A water moccasin (D:4)
  A sky beast (D:6)
  An orc warrior (D:6)
  2 ogres
  A kobold brigand (D:4)
  Blork the orc (D:4)
  A bullfrog (D:4)
  A scorpion (D:4)
  A water moccasin skeleton (D:5)
  A howler monkey (D:6)
  2 jellies
  A centaur skeleton (D:4)
  2 hounds (D:4)
  4 orc priests
  A bullfrog skeleton (D:5)
  An iguana (D:4)
  2 orc wizards (D:6)
  A hound skeleton (D:4)
  4 adders
  A howler monkey skeleton (D:5)
  2 dart slugs
  4 orcs
  3 ball pythons
  6 endoplasms
  4 goblins
  3 hobgoblins
  4 kobolds
  2 quokkas
  4 bats
  3 frilled lizards
  2 rats
  A spectral orc (D:6)
74 creatures vanquished.

Vanquished Creatures (collateral kills)
  2 foxfires (D:5)
2 creatures vanquished.

Vanquished Creatures (others)
  438 foxfires
438 creatures vanquished.

Grand Total: 514 creatures vanquished

Notes
Turn   | Place    | Note
-------+----------+-------------------------------------------
     0 | D:1      | Hipnos the Deep Elf Fire Elementalist began the quest for
                  | the Orb.
     0 | D:1      | Reached XP level 1. HP: 10/10 MP: 6/6
   560 | D:1      | Reached XP level 2. HP: 15/15 MP: 2/8
   714 | D:1      | Found a faded altar of an unknown god.
   911 | D:2      | Learned a level 2 spell: Scorch
   912 | D:2      | Found Otaulits's Assorted Antiques.
  1159 | D:2      | Found Niosm's Jewellery Emporium.
  1191 | D:2      | Reached skill level 4 in Fire Magic
  1228 | D:2      | Found Weidax's Antique Armour Shop.
  1615 | D:2      | Reached XP level 3. HP: 19/19 MP: 6/9
  1619 | D:2      | Learned a level 3 spell: Conjure Flame
  2516 | D:3      | Found a stormy altar of Qazlal.
  2532 | D:3      | Found a shimmering altar of Xom.
  2621 | D:3      | Found a shadowy altar of Dithmenos.
  2986 | D:3      | Found a snail-covered altar of Cheibriados.
  3293 | D:4      | Noticed a bullfrog
  3297 | D:4      | Killed a bullfrog
  3298 | D:4      | Reached skill level 1 in Ice Magic
  3298 | D:4      | Reached XP level 4. HP: 18/24 MP: 6/11
  3302 | D:4      | Reached skill level 5 in Fire Magic
  3421 | D:4      | Learned a level 3 spell: Inner Flame
  3445 | D:4      | Reached XP level 5. HP: 28/28 MP: 7/13
  3661 | D:4      | Reached XP level 6. HP: 32/32 MP: 7/14
  3802 | D:4      | Noticed Sigmund
  3810 | D:4      | Killed Sigmund
  3811 | D:4      | Reached skill level 5 in Spellcasting
  4224 | D:4      | Noticed a water moccasin
  4229 | D:4      | Killed a water moccasin
  4230 | D:4      | Reached skill level 6 in Fire Magic
  4230 | D:4      | Reached XP level 7. HP: 36/36 MP: 10/17
  4232 | D:4      | Noticed Grinder
  4243 | D:4      | Gained mutation: You are frail. (-10% HP) [potion of
                  | mutation]
  4243 | D:4      | Gained mutation: Your spells are a little harder to cast,
                  | but a little more powerful. [potion of mutation]
  4243 | D:4      | Gained mutation: You have a pair of small horns on your
                  | head. [potion of mutation]
  4261 | D:4      | Killed Grinder
  4471 | D:4      | Found Ixua's Distillery.
  4521 | D:4      | Noticed Blork the orc
  4533 | D:4      | Killed Blork the orc
  4534 | D:4      | Reached skill level 7 in Fire Magic
  4623 | D:4      | Noticed Edmund
  4635 | D:4      | Killed Edmund
  4636 | D:4      | Reached XP level 8. HP: 36/36 MP: 8/19
  4959 | D:4      | Learned a level 4 spell: Flame Wave
  5028 | D:5      | Entered Level 5 of the Dungeon
  5229 | D:5      | Found a sacrificial altar of Ru.
  5230 | D:5      | Identified the +4 chain mail of Thoughtfulness {rC+ Dex+5}
  5356 | D:5      | Reached skill level 8 in Fire Magic
  5912 | D:6      | Reached skill level 5 in Ice Magic
  6020 | D:6      | Reached skill level 5 in Conjurations
  6157 | D:6      | Found a white marble altar of Elyvilon.
  6188 | D:6      | Reached skill level 9 in Fire Magic
  6188 | D:6      | Reached XP level 9. HP: 40/40 MP: 18/23
  6248 | D:6      | Found a staircase to the Ecumenical Temple.
  6287 | D:6      | Found a basalt altar of Yredelemnul.
  6356 | D:6      | Found an opulent altar of Gozag.
  6426 | D:6      | HP: 2/40 [centaur warrior zombie (4)]
  6429 | D:6      | Slain by a centaur warrior zombie

Illustrated notes

Levels and vault maps discovered:
D:1:      ncdulo_halloftheorcs, layout_basic,
          hellmonk_ecumenical_altar_crossroads, nrook_uturn
D:2:      layout_loops_corners, serial_shops, nicolae_shop_waterfront, shop,
          nicolae_shop_stone, chequers_serial_rivers_marsh, nrook_loot_triangle,
          chequers_serial_rivers_large_a, minmay_misc_feat_columns
D:3:      layout_basic, xom_butterflies, nicolae_overflow_crystal_walls,
          mainiacjoe_overflow_big_doors, minmay_misc_feat_ornament
D:4:      layout_gridville, serial_shops, kennysheep_mini_moat,
          uniq_blork_the_orc, uniq_grinder, uniq_sigmund, uniq_edmund
D:5:      layout_cave_pools, nicolae_ru_awakened_eye, serial_bayou_lagoon_a
D:6:      layout_loops_ring, yredelemnul_forgotten_temple_becter,
          nicolae_wu_jian_wuxing_cycle, grunt_gozag_statues,
          mainiacjoe_overflow_surrounded_room, temple_doors_cd

Skill      XL: |  1  2  3  4  5  6  7  8 |
---------------+-------------------------+-----
Fire Magic     | 4 5 6 7 9 |  9.2
Conjurations   | 2 3 4 5 |  5.0
Ice Magic      | 1 2 3 4 5 |  5.1
Spellcasting   | 4 5 6 8 |  8.4
Fighting       | |  0.2
Dodging        | |  2.9
Stealth        | |  2.6

Action                   |  1- 3 |  4- 6 |  7- 9 || total
-------------------------+-------+-------+-------++-------
Melee: Staff             |     1 |       |       ||     1
 Cast: Foxfire           |   105 |    72 |    84 ||   261
       Scorch            |       |       |    47 ||    47
  Use: Potion            |       |       |     9 ||     9
       Scroll            |       |       |     7 ||     7
Armor: Robe              |     1 |     1 |     3 ||     5
Dodge: Dodged            |     8 |     3 |    18 ||    29

Table legend: (Time is in decaauts)
 A = Elapsed time spent in this place.
 B = Non-inter-level travel time spent in this place.
 C = Inter-level travel time spent in this place.
 D = Time resting spent in this place.
 E = Time spent auto-exploring this place.
 F = Levels seen in this place.
 G = Mean time per level.
                   A        B        C        D        E       F      G
               +--------+--------+--------+--------+--------+-----+--------+
         Total |   6446 |   6261 |    185 |      0 |   5619 |   6 | 1074.3 |
       Dungeon |   6446 |   6261 |    185 |      0 |   5619 |   6 | 1074.3 |
               +--------+--------+--------+--------+--------+-----+--------+

Top non-repeatable levels by time:
     D:4: 1748 daAuts
     D:2: 1326 daAuts
     D:3: 1059 daAuts
     D:1: 907 daAuts
     D:5: 795 daAuts
     D:6: 609 daAuts
